 Dungeon Crawl Stone Soup version 0.20.1-1-g8b1a95d66d (webtiles) character file.

268 Ivernyr the Shooter (level 6, 0/48 HPs)
             Began as a Centaur Hunter on Nov 17, 2017.
             Killed from afar by an orc wizard (5 damage)
             ... with a puff of frost
             ... on level 5 of the Dungeon.
             The game lasted 00:09:09 (4322 turns).

Ivernyr the Shooter (Centaur Hunter)                Turns: 4322, Time: 00:09:09

Health: 0/48       AC:  5    Str: 14    XL:     6   Next: 0%
Magic:  6/6        EV:  9    Int: 12    God:
Gold:   87         SH:  0    Dex: 10    Spells: 5/5 levels left

rFire    . . .     SeeInvis .     - Unarmed
rCold    . . .     Gourm    .   (no shield)
rNeg     . . .     Faith    .   c - +0 leather armour
rPois    .         Spirit   .   j - +0 helmet (curse)
rElec    .         Reflect  .   (no cloak)
rCorr    .         Harm     .   (no gloves)
MR       .....                  (no barding)
Stlth    +.........             (no amulet)
Regen    0.2/turn               (no ring)
MPRegen  0.1/turn               (no ring)

@: very quick
A: hooves 3, deformed body, speed 2, tough skin 3
a: no special abilities


You were on level 5 of the Dungeon.
You were hungry.

You visited 1 branch of the dungeon, and saw 4 of its levels.

You collected 87 gold pieces.

Inventory:

Hand Weapons
 a - a +1 shortbow
Missiles
 d - 30 arrows
Armour
 c - a +0 leather armour (worn)
 j - a cursed +0 helmet (worn)
Wands
 m - a wand of flame (19/48)
Scrolls
 e - 3 scrolls of magic mapping {unknown}
 h - 2 scrolls of remove curse {unknown}
 k - 2 scrolls of enchant weapon {unknown}
 l - a scroll of immolation {unknown}
 p - a scroll of enchant armour {unknown}
Potions
 g - a potion of flight {unknown}
 i - 2 potions of heal wounds {unknown}
Comestibles
 b - a royal jelly
 f - 3 bread rations
 n - 2 meat rations
 q - 4 fruits


   Skills:
 - Level 2.0 Fighting
 * Level 7.9 Bows
 + Level 2.1 Armour
 - Level 1.3 Dodging
 - Level 0.4 Stealth
 + Level 2.2 Unarmed Combat


You had 5 spell levels left.
You didn't know any spells.

Dungeon Overview and Level Annotations

Branches:
Dungeon (3/15)

Altars:
Fedhas


Innate Abilities, Weirdness & Mutations

You have hooves in place of feet.
Armour fits poorly on your strangely shaped body.
You cover ground very quickly.
You have extremely tough skin. (AC +3)


Message History

The orc barely misses you.
The adder skeleton bites you but does no damage.
The orc priest calls down the wrath of Beogh upon you.
Beogh smites you!
The orc wizard hits you with a dagger of protection.
The orc hits you with a whip.
You barely miss the orc priest. Your kick misses the orc priest.
The orc hits you with a hand axe.
* * * LOW HITPOINT WARNING * * *
The orc wizard looks braver for a moment.
The adder skeleton bites you.
* * * LOW HITPOINT WARNING * * *
The orc priest hits you.
* * * LOW HITPOINT WARNING * * *
The orc barely misses you. The orc barely misses you.
The adder skeleton closely misses you.
You are feeling hungry.
The orc wizard gestures at you while chanting.
The puff of frost hits you!
You die...

..#
############..#+#.
.
#.................
..
#................#
...
#................#
....
#................#
.....
#..ooo.....####+#.
......#..o.......#
#...@.Z..........
#.....#+####.####
#.....# #.#
#.....# .. #.....#
### .....[#
.......# ........#


You could see an orc priest, an orc wizard, 2 orcs and an adder skeleton.

Vanquished Creatures
  Terence (D:2)
  Natasha (thrice) (D:2)
  Robin (D:1)
  3 adders
  An ooze (D:1)
  3 worms
  2 dart slugs
  4 leopard geckos
  8 orcs
  A ball python (D:1)
  11 bats
  16 giant cockroaches
  14 goblins
  10 hobgoblins
  9 kobolds
  A frilled lizard (D:1)
  6 rats
94 creatures vanquished.

Notes
Turn   | Place    | Note
-------+----------+-------------------------------------------
     0 | D:1      | Ivernyr the Centaur Hunter began the quest for the Orb.
     0 | D:1      | Reached XP level 1. HP: 17/17 MP: 1/1
   214 | D:1      | Reached XP level 2. HP: 12/24 MP: 2/2
   601 | D:1      | Reached skill level 6 in Bows
   854 | D:1      | Reached XP level 3. HP: 29/29 MP: 3/3
  1193 | D:2      | Noticed Robin
  1571 | D:1      | Killed Robin
  1571 | D:1      | Reached skill level 1 in Armour
  1571 | D:1      | Reached skill level 1 in Unarmed Combat
  2091 | D:2      | Reached XP level 4. HP: 36/36 MP: 4/4
  2187 | D:2      | Noticed Terence
  2208 | D:2      | Killed Terence
  2211 | D:2      | Reached skill level 7 in Bows
  2778 | D:2      | Found a blossoming altar of Fedhas.
  2925 | D:2      | Reached XP level 5. HP: 27/41 MP: 5/5
  3037 | D:2      | Noticed Natasha
  3047 | D:2      | Killed Natasha
  3234 | D:2      | Noticed Natasha
  3244 | D:2      | Killed Natasha
  3362 | D:2      | Noticed Natasha
  3373 | D:2      | Killed Natasha
  3891 | D:3      | Found a faded altar of an unknown god.
  4286 | D:3      | Reached XP level 6. HP: 43/48 MP: 6/6
  4304 | D:3      | You fall through a shaft for 2 floors!
  4304 | D:5      | Entered Level 5 of the Dungeon
  4322 | D:5      | Killed from afar by an orc wizard

Skill      XL: |  1  2  3  4  5 |
---------------+----------------+-----
Bows           | 6 7 |  7.9
Armour         | 1 2 |  2.1
Unarmed Combat | 1 2 |  2.2
Fighting       | |  2.0
Dodging        | |  1.3
Stealth        | |  0.4

Action                   |  1- 3 |  4- 6 || total
-------------------------+-------+-------++-------
Melee: Unarmed           |   157 |   237 ||   394
       Kick              |    37 |    52 ||    89
 Fire: Shortbow          |       |    29 ||    29
  Eat: Chunk             |     3 |     6 ||     9
Armor: Leather armour    |    53 |    99 ||   152
Dodge: Dodged            |    65 |   107 ||   172
